cohdb
Replays
Latest Replays
All Replays
Popular Replays
Top Player Replays
Match Explorer
How It Works
Community
CoH3 Stats
Reddit
Sign in to upload your games and track your stats! →
Sign in with Steam
A close match and an intense ending
Match 39957227
Overview
Messages
Build Orders
End
Kradschützen Motorcycle Team
Panzergrenadier Squad
Panzergrenadier Squad
Construct Light Support Kompanie
Selects Panzerjäger Kommand Battlegroup
Selects Panzerjäger Kommand Battlegroup
Selects Mine Fields
MG34 Team
Fire Support Elements
Selects Tank Busters
Panzergrenadier Squad
Panzerjäger Mechanized Group
Flakvierling Half-track
Construct Mechanized Kompanie
Construct Mechanized Kompanie
Veteran Squad Leaders
Selects Defensive Positions
Construct Panzerarmee Kommand
Assault Mechanized Group
Armored Reserves
Selects Crew Shock Tactics
Panzer IV Assault Group
Walking Stuka Rocket Launcher
Selects Elefant Tank Destroyer
Elefant Tank Destroyer
Emergency Repair Kits
Advanced Field Repairs
Selects Butterfly Bomb Drop
Butterfly Bomb Drop
Tiger Heavy Tank
Walking Stuka Rocket Launcher
Panzergrenadier Squad
Butterfly Bomb Drop
Dominik
beniu
HardyStyled
sebedoroje
0
0
Comments
sign in to comment!
No comments posted yet!